 Dungeon Crawl Stone Soup version 0.19.3 (webtiles) character file.

75 theAP the Charlatan (level 4, -2/27 HPs)
             Began as a Gargoyle Artificer on Jan 24, 2017.
             Killed from afar by Sigmund (6 damage)
             ... with a puff of flame
             ... on level 3 of the Dungeon.
             The game lasted 00:06:53 (2206 turns).

theAP the Charlatan (Gargoyle Artificer)            Turns: 2206, Time: 00:06:54

Health: -2/27      AC:  7    Str: 17    XL:     4   Next: 31%
Magic:  6/6        EV: 11    Int: 11    God:
Gold:   122        SH:  0    Dex: 10    Spells: 0 memorised, 3 levels left

rFire  . . .     SeeInvis .     i - +0 whip
rCold  . . .     Gourm    .     b - +1 leather armour
rNeg   + . .     Faith    .     (no shield)
rPois  ∞         Spirit   .     (no helmet)
rElec  +         Reflect  .     (no cloak)
rCorr  .         Harm     .     (no gloves)
MR     .....                    (no boots)
Stlth  +.........               (no amulet)
                                (no ring)
                                (no ring)

@: no status effects
A: negative energy resistance 1, electricity resistance, unbreathing,
petrification resistance, rot immunity, AC +3
a: no special abilities


You were on level 3 of the Dungeon.
You were not hungry.

You visited 1 branch of the dungeon, and saw 3 of its levels.

You collected 122 gold pieces.

Inventory:

Hand Weapons
 a - a +0 short sword
 h - a +0 club
 i - a +0 whip (weapon)
Armour
 b - a +1 leather armour (worn)
Jewellery
 o - a cursed -2 ring of strength {unknown}
Wands
 c - a wand of flame (11/48)
 d - a wand of enslavement (11/24)
 e - a wand of random effects (15/48)
Scrolls
 g - 2 scrolls of fog {unknown}
 n - a scroll of identify
Potions
 l - 2 potions of agility
 p - a potion of ambrosia
 s - a potion of mutation
 t - a potion of invisibility
Comestibles
 f - 3 bread rations
 j - 2 meat rations


   Skills:
 + Level 2.9 Fighting
 - Level 0.8 Short Blades
 + Level 1.3 Maces & Flails
 - Level 1.6 Dodging
 - Level 1.1 Stealth
 + Level 3.5 Evocations


You had 3 spell levels left.
You didn't know any spells.

Dungeon Overview and Level Annotations

Branches:
Dungeon (3/15)

Altars:
Trog
Uskayaw

Annotations:
D:3 Sigmund


Innate Abilities, Weirdness & Mutations

You are resistant to torment.
Your stone body is resilient. (AC +3)
You are immune to poison.
You resist negative energy. (rN+)
You are resistant to electric shocks. (rElec)
You can survive without breathing.
You are immune to petrification.
You are immune to rotting.


Message History

Your ogre resists with some effort.
Your ogre hits the orc with a giant spiked club!
The orc dies!
Something hits your ogre. Something barely misses you.
Something barely misses you. Something hits you.
You see here 26 stones.
You hear some strange, mumbled words.
A puff of flame appears from out of thin air!
The puff of flame hits you!
The ogre is no longer charmed.
Something hits you but does no damage. The ogre misses you.
A puff of flame appears from out of thin air!
The puff of flame hits you!
* * * LOW HITPOINT WARNING * * *
You hear the rusting of a very distant drain.
A puff of flame appears from out of thin air!
The puff of flame hits you!
You die...

#..........$. #.)...#......
#.....# ..... #.....# .....
#..(..#......
##.....#......
#.....O'......
#......####### #.....@'..#
#......##.####### ####
#.#.#...........#
...########.#.#.###.#####.#
##............#.# #.#####.#
##.#.######.#.#.# #.......#
..<#.#....#.###.# #########
#..#>#.##.#.# #.#
#.##.#.##.#.# #.#


You could see an ogre.

Vanquished Creatures
  An adder (D:2)
  A worm (D:2)
  A leopard gecko (D:1)
  4 bats
  2 giant cockroaches
  7 goblins
  7 hobgoblins
  4 jackals (D:1)
  7 kobolds
  A quokka (D:3)
  3 frilled lizards (D:1)
  4 rats (D:1)
42 creatures vanquished.

Vanquished Creatures (collateral kills)
  An orc wizard (D:3)
  2 orcs (D:3)
3 creatures vanquished.

Vanquished Creatures (others)
  A jackal (D:1)
1 creature vanquished.

Grand Total: 46 creatures vanquished

Notes
Turn   | Place    | Note
-------+----------+-------------------------------------------
     0 | D:1      | theAP the Gargoyle Artificer began the quest for the Orb.
     0 | D:1      | Reached XP level 1. HP: 12/12 MP: 2/2
    70 | D:1      | Reached skill level 3 in Evocations
    70 | D:1      | Reached XP level 2. HP: 6/16 MP: 2/4
   989 | D:1      | Reached XP level 3. HP: 19/21 MP: 5/5
  1429 | D:2      | Found a bloodstained altar of Trog.
  1508 | D:2      | Found a hide-covered altar of Uskayaw.
  1521 | D:2      | Reached skill level 1 in Maces & Flails
  1870 | D:2      | Reached XP level 4. HP: 26/27 MP: 6/6
  2106 | D:3      | Noticed an ogre
  2179 | D:3      | Noticed Sigmund
  2206 | D:3      | Killed from afar by Sigmund

Skill      XL: |  1  2  3 |
---------------+----------+-----
Evocations     | 3 |  3.5
Fighting       | 2 |  2.9
Maces & Flails | 1 |  1.3
Short Blades   | |  0.8
Dodging        | |  1.6
Stealth        | |  1.1

Action                   |  1- 3 |  4- 6 || total
-------------------------+-------+-------++-------
Melee: Short sword       |    21 |       ||    21
       Club              |     4 |       ||     4
       Whip              |   161 |    14 ||   175
Evoke: Wand              |     6 |     2 ||     8
  Use: Scroll            |       |     8 ||     8
       Potion            |       |     1 ||     1
 Stab: Sleeping          |     1 |       ||     1
  Eat: Chunk             |     2 |     1 ||     3
       Beef jerky        |       |     1 ||     1
Armor: Leather armour    |    77 |     7 ||    84
Dodge: Dodged            |   141 |    14 ||   155
